 Dungeon Crawl Stone Soup version 0.24.0-13-gcf9b319 (webtiles) character file.

Game seed: 2619775981084528881, levelgen mode: deterministic

3559 ClockworkOrrery the Fighter (level 10, -2/76 HPs)
             Began as a Gargoyle Fighter on Apr 8, 2020.
             Was a Follower of the Shining One.
             Slain by a three-headed hydra (5 damage)
             ... on level 7 of the Dungeon.
             The game lasted 00:19:14 (6635 turns).

ClockworkOrrery the Fighter (Gargoyle Fighter)      Turns: 6635, Time: 00:19:14

Health: -2/76      AC: 15    Str: 19    XL:     10   Next: 9%
Magic:  10/10      EV:  7    Int: 13    God:    the Shining One [*.....]
Gold:   255        SH: 11    Dex:  9    Spells: 9/9 levels left

rFire    + . .     SeeInvis .   a - +0 flail
rCold    . . .     Gourm    .   c - +0 shield
rNeg     + . .     Faith    .   v - +1 scale mail {rF+}
rPois    ∞         Spirit   .   (no helmet)
rElec    +         Reflect  +   (no cloak)
rCorr    .         Harm     .   (no gloves)
MR       .....                  g - +0 pair of boots
Stlth    ..........             w - +2 amulet of reflection
HPRegen  0.22/turn              r - +2 ring of protection
MPRegen  0.12/turn              M - -3 ring of protection

@: glowing
A: negative energy resistance 1, electricity resistance, unbreathing,
petrification resistance, rot immunity, AC +7
a: Renounce Religion


You were on level 7 of the Dungeon.
You worshipped the Shining One.
The Shining One was aware of your devotion.
You were hungry.

You visited 2 branches of the dungeon, and saw 9 of its levels.

You collected 255 gold pieces.

Inventory:

Hand Weapons
 a - a +0 flail (weapon)
 x - the +5 falchion of Subterfuge {protect, rElec rPois rF- rC+}
   (You found it on level 4 of the Dungeon)

   It grants its wielder temporary protection when it strikes (+7 to AC).
   It makes you vulnerable to fire.
   It protects you from cold.
   It insulates you from electricity.
   It protects you from poison.
 C - a cursed +0 dagger
 F - a +1 dagger of venom
 I - a +1 war axe of venom
Armour
 c - a +0 shield (worn)
 g - a +0 pair of boots (worn)
 v - a +1 scale mail of fire resistance (worn)
Jewellery
 b - an uncursed amulet of regeneration
 i - an uncursed ring of protection from cold
 r - a +2 ring of protection (left hand)
 s - an uncursed amulet of harm
 w - a +2 amulet of reflection (around neck)
 D - an uncursed ring of see invisible
 K - an uncursed ring of magical power
 M - a -3 ring of protection (right hand)
Wands
 u - a wand of flame (4)
 y - a wand of digging (3)
 B - a wand of disintegration (10)
Scrolls
 j - 2 scrolls of amnesia {unknown}
 l - 2 scrolls of identify
 m - 2 scrolls of remove curse
 p - 3 scrolls of teleportation
 z - 2 scrolls of blinking {unknown}
 A - 2 scrolls of magic mapping {unknown}
 G - a scroll of noise {unknown}
 H - a scroll of enchant armour {unknown}
 L - a scroll of enchant weapon {unknown}
Potions
 d - a potion of might
 e - a potion of mutation {unknown}
 h - 4 potions of curing {unknown}
 k - 2 potions of ambrosia {unknown}
 n - a potion of heal wounds {unknown}
 o - a potion of brilliance {unknown}
 q - 2 potions of haste
 E - a potion of resistance {unknown}
 J - a potion of invisibility {unknown}
 N - a potion of degeneration {unknown}
Comestibles
 f - 20 rations
 t - 10 chunks of flesh


   Skills:
 * Level 14.9 Fighting
 - Level 2.0 Maces & Flails
 - Level 3.2 Armour
 - Level 3.2 Shields


You had 9 spell levels left.
You didn't know any spells.
Your spell library was empty.

Dungeon Overview and Level Annotations

Branches:
Dungeon (8/15)             Temple (1/1) D:5
   Lair: D:8-11

Altars:
Ashenzari
Cheibriados
Dithmenos
Elyvilon
Fedhas
Gozag
Hepliaklqana
Kikubaaqudgha
Makhleb
Nemelex Xobeh
Okawaru
Qazlal
Ru
Sif Muna
Trog
Uskayaw
Vehumet
Xom
Yredelemnul
The Shining One


Innate Abilities, Weirdness & Mutations

You are resistant to torment.
Your stone body is resilient. (AC +7)
You are immune to poison.
You resist negative energy. (rN+)
You are resistant to electric shocks. (rElec)
You can survive without breathing.
You are immune to petrification.
You are immune to rotting.


Message History

The three-headed hydra bites you but does no damage.
The three-headed hydra bites you! The Shining One protects you from harm!
You climb upwards.
There is a stone staircase leading down here.
You hit the three-headed hydra.
The three-headed hydra is heavily wounded.
The three-headed hydra closely misses you. x2
The three-headed hydra bites you but does no damage.
You block the three-headed hydra's attack.
The three-headed hydra closely misses you.
You block the three-headed hydra's attack.
You sock the three-headed hydra!
The three-headed hydra is severely wounded.
The three-headed hydra bites you but does no damage. x2
The three-headed hydra barely misses you.
You hit the three-headed hydra.
The three-headed hydra is severely wounded.
The three-headed hydra bites you.
You die...

.......###### #.......###.......
....#..# #........#.......#
.......# ##...........(....#
.......### ##.................#
.......#.#####.............#.....
.............#..###..###...#.....
#......##........###............<
#.#....#..#......###..#..........
###...##..#.....@#....#..........
#..[.#...##....D..##.#..........
###......##.......#.......#.....
##......##...(...#.#.....####..
#.......#.................###..
#.................#......###...
##...............##............
###..............................
.÷#..............................


You could see a three-headed hydra.

Vanquished Creatures
  2 dream sheep (D:8)
  Sigmund (D:5)
  2 yaks (D:8)
  Eustachio (D:6)
  A water moccasin (D:6)
  Edmund (D:6)
  A necrophage (D:5)
  2 phantoms
  4 ogres
  3 big kobolds
  4 bullfrogs
  2 scorpions
  2 crimson imps
  A quasit (D:5)
  A centaur skeleton (D:6)
  A jelly (D:6)
  8 orc wizards
  4 orc priests
  3 hounds
  Jessica (D:2)
  3 iguanas
  Ijyb (D:3)
  6 worker ants
  A hound skeleton (D:4)
  A worker ant zombie (D:5)
  8 gnolls (D:6)
  10 adders
  3 oozes
  An adder skeleton (D:6)
  2 worms
  2 dart slugs (D:1)
  6 leopard geckos
  35 orcs
  4 ball pythons
  4 giant cockroaches
  8 goblins
  11 hobgoblins
  2 jackals (D:2)
  8 quokkas
  6 bats
  2 frilled lizards
  14 kobolds
  2 leopard gecko skeletons (D:4)
  6 rats
191 creatures vanquished.

Notes
Turn   | Place    | Note
-------+----------+-------------------------------------------
     0 | D:1      | ClockworkOrrery the Gargoyle Fighter began the quest for
                  | the Orb.
     0 | D:1      | Reached XP level 1. HP: 14/14 MP: 1/1
   344 | D:1      | Reached XP level 2. HP: 20/20 MP: 2/2
   370 | D:1      | Reached skill level 4 in Fighting
   782 | D:1      | Reached XP level 3. HP: 24/24 MP: 3/3
  1245 | D:2      | Found a radiant altar of Vehumet.
  1247 | D:2      | Reached skill level 5 in Fighting
  1257 | D:2      | Reached XP level 4. HP: 30/31 MP: 4/4
  1430 | D:2      | Found a blossoming altar of Fedhas.
  1446 | D:2      | Noticed Jessica
  1465 | D:2      | Killed Jessica
  1465 | D:2      | Reached skill level 6 in Fighting
  1481 | D:2      | Reached XP level 5. HP: 33/36 MP: 5/5
  2262 | D:3      | Found a sparkling altar of Nemelex Xobeh.
  2410 | D:3      | Noticed Ijyb
  2428 | D:3      | Killed Ijyb
  2428 | D:3      | Reached skill level 7 in Fighting
  2690 | D:3      | Noticed a phantom
  2713 | D:3      | Killed a phantom
  2713 | D:3      | Reached XP level 6. HP: 28/44 MP: 6/6
  3073 | D:4      | Reached skill level 8 in Fighting
  3091 | D:4      | Got an ebony falchion
  3114 | D:4      | Identified the +5 falchion of Subterfuge {protect, rElec
                  | rPois rF- rC+} (You found it on level 4 of the Dungeon)
  3144 | D:4      | Reached XP level 7. HP: 39/50 MP: 7/7
  3423 | D:4      | Reached skill level 9 in Fighting
  3848 | D:5      | Entered Level 5 of the Dungeon
  3855 | D:5      | Noticed Sigmund
  3864 | D:5      | Killed Sigmund
  3905 | D:5      | Reached skill level 10 in Fighting
  3913 | D:5      | Reached XP level 8. HP: 37/57 MP: 8/8
  4230 | D:5      | Reached skill level 11 in Fighting
  4551 | D:5      | Found a staircase to the Ecumenical Temple.
  4583 | Temple   | Entered the Ecumenical Temple
  4588 | Temple   | Became a worshipper of the Shining One
  5082 | D:6      | Found an opulent altar of Gozag.
  5083 | D:6      | Found a hazy altar of Hepliaklqana.
  5286 | D:6      | Reached skill level 12 in Fighting
  5368 | D:6      | Noticed Eustachio
  5416 | D:6      | Killed Eustachio
  5416 | D:6      | Reached XP level 9. HP: 50/66 MP: 9/9
  5564 | D:6      | Found a white marble altar of Elyvilon.
  5744 | D:6      | Noticed Edmund
  5753 | D:6      | Reached skill level 13 in Fighting
  5770 | D:6      | Killed Edmund
  6269 | D:7      | Found a blossoming altar of Fedhas.
  6270 | D:7      | Found a stormy altar of Qazlal.
  6519 | D:8      | Reached * piety under the Shining One
  6529 | D:8      | Reached skill level 14 in Fighting
  6565 | D:8      | Reached XP level 10. HP: 76/76 MP: 10/10
  6598 | D:8      | Noticed a three-headed hydra
  6608 | D:8      | HP: 3/76 [three-headed hydra (4)]
  6608 | D:8      | The Shining One protects you from harm!
  6631 | D:8      | HP: 1/76 [three-headed hydra (7)]
  6631 | D:8      | The Shining One protects you from harm!
  6635 | D:7      | Slain by a three-headed hydra

Levels and vault maps discovered:
D:1:      dpeg_cavernosity, layout_basic, minmay_split_cup_small
D:2:      layout_rooms, vehumet_crystals, grunt_ministairs_1,
          roderic_roman_lattice, fedhas_altar_1, uniq_jessica
D:3:      layout_loops_ring, nemelex_xobeh_ov_fountains_minmay, uniq_ijyb
D:4:      layout_basic, first_ration
D:5:      layout_layer_cave, minmay_temple_entry_proselytizer, uniq_sigmund
D:6:      cheibrodos_thug_alley, layout_gridville, elyvilon_altar_3,
          chequers_temple_overflow_statue_of_worship, uniq_eustachio,
          uniq_edmund
D:7:      layout_cave_pools, grunt_temple_overflow_forces_of_nature
D:8:      cheibrodos_iron_armory, layout_loops_ring, lair_entry_dummy,
          biasface_ghost_orc_armoury, hangedman_ranch [blue_anna_fruit_fields],
          uniq_psyche
Temple:   cyrus_circular_temple

Skill      XL: |  1  2  3  4  5  6  7  8  9 |
---------------+----------------------------+-----
Fighting       | 4 5 6 7 8 10 12 14 | 14.9
Maces & Flails | |  2.0
Armour         | |  3.2
Shields        | |  3.2

Action                   |  1- 3 |  4- 6 |  7- 9 | 10-12 || total
-------------------------+-------+-------+-------+-------++-------
Melee: Flail             |   138 |   290 |       |    11 ||   439
       Falchion          |       |     5 |   387 |     4 ||   396
  Use: Scroll            |       |     7 |     3 |       ||    10
  Eat: Chunk             |     1 |     7 |    12 |       ||    20
Armor: Scale mail        |   113 |   192 |   323 |    21 ||   649
Dodge: Dodged            |    52 |   129 |   177 |     8 ||   366
Block: Shield            |    84 |   165 |   318 |    23 ||   590
       Reflection        |       |       |     3 |       ||     3
       Rpst.: Falchion   |       |       |    57 |       ||    57
